 Dungeon Sprint DCSS version 0.23-a0-151-gf6d1ed2 (webtiles) character file.

509 emperorscorpion the Thaumaturge (level 6, -2/32 HPs)
             Began as a Deep Elf Air Elementalist on Sept 8, 2018.
             Was a Believer of Sif Muna.
             Slain by a two-headed ogre
             ... wielding a +0 giant club
              (23 damage)
             ... in the Dungeon (Sprint IX: "|||||||||||||||||||||||||||||").
             The game lasted 00:03:33 (210 turns).

emperorscorpion the Thaumaturge (DEAE)               Turns: 210, Time: 00:03:35

Health: -2/32      AC:  2    Str:  8    XL:     6   Next: 98%
Magic:  3/22       EV: 17    Int: 22    God:    Sif Muna [**....]
Gold:   0          SH:  0    Dex: 22    Spells: 16/28 levels left

rFire    . . .     SeeInvis .   a - +7 Spriggan's Knife {MR+ EV+4 Dex+4 Stlth+}
rCold    . . .     Gourm    .   (no shield)
rNeg     . . .     Faith    .   o - +0 robe
rPois    .         Spirit   .   (no helmet)
rElec    .         Reflect  .   (no cloak)
rCorr    .         Harm     .   (no gloves)
MR       +....     NoTele   +   (no boots)
Stlth    ++++......             (no amulet)
HPRegen  0.10/turn              s - +3 ring of strength
MPRegen  0.18/turn              t - +3 ring of dexterity

@: swift, quick
A: no striking features
a: Divine Energy, Renounce Religion


You were in the Dungeon.
You worshipped Sif Muna.
Sif Muna was pleased with you.
You were not hungry.

You visited 1 branch

Inventory:

Hand Weapons
 a - the +7 Spriggan's Knife (weapon) {MR+ EV+4 Dex+4 Stlth+}
   (You found it in the Dungeon)

   It affects your evasion (+4).
   It affects your dexterity (+4).
   It affects your resistance to hostile enchantments.
   It makes you more stealthy.
 n - a +0 short sword
Armour
 o - a +0 robe (worn)
 p - a +0 helmet
 q - a +0 cloak
 r - a +2 ring mail
Magical Staves
 b - an uncursed staff of energy
Jewellery
 s - a +3 ring of strength (left hand)
 t - a +3 ring of dexterity (right hand)
Wands
 m - a wand of iceblast (8)
Scrolls
 i - 2 scrolls of blinking
 k - 3 scrolls of remove curse
 l - 2 scrolls of amnesia
Potions
 d - a potion of invisibility
 e - 2 potions of heal wounds
 f - a potion of haste
 g - 4 potions of magic
 h - 4 potions of curing
Comestibles
 c - a ration
 j - 3 chunks of flesh


   Skills:
 + Level 2.6 Short Blades
 - Level 2.4 Dodging
 + Level 5.4 Stealth
 * Level 11.6 Spellcasting
 + Level 2.8 Conjurations
 + Level 10.2 Air Magic
 * Level 4.9 Invocations


You had 16 spell levels left.
You knew the following spells:

 Your Spells              Type           Power        Failure   Level  Hunger
a - Shock                 Conj/Air       ####         1%          1    None
b - Swiftness             Chrm/Air       #####...     1%          2    None
c - Airstrike             Air            ######....   1%          4    None
d - Lightning Bolt        Conj/Air       #####.....   10%         5    ####...

Your spell library contained the following spells:

 Spells                   Type           Power        Failure   Level  Hunger
 Static Discharge         Conj/Air       #####...     1%          3    None


Dungeon Overview and Level Annotations

Branches:
Dungeon (1/1)

Altars:
Cheibriados
Dithmenos
Elyvilon
Fedhas
Gozag
Hepliaklqana
Kikubaaqudgha
Makhleb
Nemelex Xobeh
Okawaru
Qazlal
Ru
Sif Muna
Trog
Uskayaw
Vehumet
Wu Jian
Xom
Yredelemnul
Zin
The Shining One
Beogh
Jiyva
Lugonu


Message History

You see here a leopard gecko corpse.
You enter the shallow water.
Moving in this stuff is going to be slow.
There is an open door to the Dungeon here.
The helpless eye of draining fails to defend itself.
You impale the eye of draining!!
You kill the eye of draining!
Sif Muna accepts your kill.
You open the door.
A hound, a bullfrog, a worker ant, a two-headed ogre and 2 howler monkeys come The worker ant twitches its antennae in your direction.
The howler monkey howls! x2; The hound barks!
Casting: Shock (safe; 1% risk of failure)
Confirm with . or Enter, or press ? or * to list all spells.
You feel quick.
The two-headed ogre shouts in stereo!
The bullfrog croaks.
The two-headed ogre closely misses you.
The two-headed ogre hits you with a giant club!!
Ouch! That really hurt!
You die... ▓▓▓▓▓▓▓▓▓▓▓▓▓▓▓▓▓▓▓▓▓▓▓▓ '.†.)†≈...'.....@OahhF.h ▓▓▓▓▓▓▓▓▓▓▓▓▓▓▓▓▓▓▓▓▓▓▓▓

You could see a two-headed ogre, a bullfrog, 2 howler monkeys, a hound and a worker ant.

Vanquished Creatures
  A hippogriff (D)
  An ice beast (D)
  An eye of draining (D)
  2 scorpions (D)
  An orc priest (D)
  An adder (D)
  An adder zombie (D)
  A dart slug (D)
  A leopard gecko (D)
  A bat zombie (D)
  A goblin (D)
  A bat (D)
  A frilled lizard (D)
  2 kobolds (D)
16 creatures vanquished.

Notes
Turn   | Place    | Note
-------+----------+-------------------------------------------
     0 | D        | emperorscorpion the Deep Elf Air Elementalist began the
                  | quest for the Orb.
     0 | D        | Reached XP level 1. HP: 10/10 MP: 6/6
     5 | D        | Reached skill level 4 in Spellcasting
    17 | D        | Noticed an orc priest
    17 | D        | Noticed a scorpion
    17 | D        | Noticed a scorpion
    26 | D        | Reached skill level 5 in Spellcasting
    26 | D        | Reached XP level 2. HP: 14/15 MP: 6/10
    35 | D        | Reached skill level 6 in Spellcasting
    35 | D        | Reached skill level 5 in Air Magic
    35 | D        | Reached XP level 3. HP: 9/19 MP: 7/12
    39 | D        | Killed a scorpion
    39 | D        | Reached skill level 7 in Spellcasting
    39 | D        | Reached XP level 4. HP: 9/24 MP: 7/15
    42 | D        | Reached skill level 8 in Spellcasting
    53 | D        | Found a roughly hewn altar of Beogh.
    53 | D        | Found a snail-covered altar of Cheibriados.
    53 | D        | Found a shadowy altar of Dithmenos.
    53 | D        | Found a white marble altar of Elyvilon.
    53 | D        | Found a blossoming altar of Fedhas.
    53 | D        | Found an opulent altar of Gozag.
    54 | D        | Found a hazy altar of Hepliaklqana.
    55 | D        | Found a viscous altar of Jiyva.
    56 | D        | Found an ancient bone altar of Kikubaaqudgha.
    57 | D        | Found a corrupted altar of Lugonu.
    58 | D        | Found a burning altar of Makhleb.
    59 | D        | Found a sparkling altar of Nemelex Xobeh.
    60 | D        | Found an iron altar of Okawaru.
    61 | D        | Found a stormy altar of Qazlal.
    62 | D        | Found a sacrificial altar of Ru.
    63 | D        | Found a deep blue altar of Sif Muna.
    64 | D        | Found a bloodstained altar of Trog.
    65 | D        | Found a hide-covered altar of Uskayaw.
    66 | D        | Found a radiant altar of Vehumet.
    67 | D        | Found an ornate altar of the Wu Jian Council.
    68 | D        | Found a shimmering altar of Xom.
    69 | D        | Found a basalt altar of Yredelemnul.
    70 | D        | Found a glowing silver altar of Zin.
    71 | D        | Became a worshipper of Sif Muna the Loreminder
    72 | D        | Found a glowing golden altar of the Shining One.
    90 | D        | Found the +7 Spriggan's Knife {MR+ EV+4 Dex+4 Stlth+}
   107 | D        | Learned a level 2 spell: Swiftness
   112 | D        | Learned a level 4 spell: Airstrike
   113 | D        | Noticed a hippogriff
   113 | D        | Noticed an ice beast
   113 | D        | Noticed an eye of draining
   128 | D        | Killed a hippogriff
   128 | D        | Reached * piety under Sif Muna
   128 | D        | Reached skill level 1 in Short Blades
   128 | D        | Reached skill level 10 in Spellcasting
   128 | D        | Reached XP level 5. HP: 11/28 MP: 16/20
   128 | D        | Reached XP level 6. HP: 13/32 MP: 16/21
   136 | D        | Learned a level 5 spell: Lightning Bolt
   163 | D        | Killed an ice beast
   163 | D        | Reached ** piety under Sif Muna
   163 | D        | Reached skill level 11 in Spellcasting
   163 | D        | Reached skill level 10 in Air Magic
   186 | D        | Reached skill level 5 in Stealth
   209 | D        | Noticed a two-headed ogre
   210 | D        | Slain by a two-headed ogre

Vault maps used:
D:        linesprint

Skill      XL: |  1  2  3  4  5  6 |
---------------+-------------------+-----
Spellcasting   | 5 6 7 10 11 | 11.6
Air Magic      | 4 5 7 9 10 | 10.2
Conjurations   | 2 |  2.8
Short Blades   | 1 2 |  2.6
Stealth        | 4 5 |  5.4
Invocations    | 3 4 |  4.9
Dodging        | |  2.4

Action                   |  1- 3 |  4- 6 || total
-------------------------+-------+-------++-------
Melee: Short sword       |    18 |       ||    18
       Knife             |       |     2 ||     2
 Cast: Shock             |     3 |     5 ||     8
       Swiftness         |       |     2 ||     2
       Lightning Bolt    |       |     2 ||     2
       Airstrike         |       |     2 ||     2
Evoke: Wand              |       |     2 ||     2
  Use: Potion            |     1 |     2 ||     3
 Stab: Sleeping          |     2 |     2 ||     4
Armor: Robe              |     1 |     1 ||     2
Dodge: Dodged            |     7 |     6 ||    13

Table legend:
 A = Non-vault XP
 B = Vault XP
 C = Vault XP percentage of total XP
 D = Non-vault monster count
 E = Vault monster count
 F = Vault count percentage of total count
                 A         B        C        D         E       F
            +---------+---------+-------+---------+---------+-------
      Total |       0 |     728 | 100.0 |       0 |      16 | 100.0
            +---------+---------+-------+---------+---------+-------
          D |       0 |     728 | 100.0 |       0 |      16 | 100.0
            +---------+---------+-------+---------+---------+-------
